AoeStats
← NuMa | Gacha

Arabia

506212316Analyzed
4v4 RM · 21d ago on Sep 12, 2026· 49m 24s· 8 players
Game mode
Random Map
Map size
Large (8 player)
Population
200
Speed
Normal
Resources
Standard
Victory
Conquest
Starting age
Dark Age
Ending age
Imperial Age
RankedLock teamsTeams togetherTeam positionsShared explorationLock speedFull tech treeHidden civsTurbo modeCheats
Victory
Defeat
🇵🇱 Britons · Poland
1318
+10
🇨🇴 Magyars · Colombia
1262
+12
🇨🇴 Italians · Colombia
1073
+20
🇨🇴 Lithuanians · Colombia
1000
+79
🇫🇮 Japanese · Finland
1207
-18
🇩🇪 Maya · Germany
1173
-16
🇨🇴 Franks · Colombia
1158
-16
🇬🇧 Ethiopians · United Kingdom
1141
-15
Jake
6:30 Loom
8:12 Loom
10:10 Feudal Age
10:39 Loom
11:08 Double-Bit Axe
17:34 Castle Age
16:20 Fletching
17:01 Horse Collar
18:31 Bow Saw
18:24 Bodkin Arrow
18:55 Crossbowman
20:03 Padded Archer Armor
21:46 Gold Mining
23:13 Wheelbarrow
23:50 Thumb Ring
24:51 Ballistics
25:50 Hand Cart
32:24 Stone Mining
36:19 Imperial Age
36:20 Arbalester
37:16 Bracer
41:53 Chemistry
40:57 Town Watch
42:46 Leather Archer Armor
45:03 Conscription
45:52 Ring Archer Armor
El sea
8:45 Loom
10:59 Feudal Age
11:09 Man-at-Arms
13:22 Scale Mail Armor
13:49 Fletching
14:01 Double-Bit Axe
16:15 Wheelbarrow
18:56 Padded Archer Armor
21:40 Horse Collar
25:13 Castle Age
23:31 Scale Mail Armor
25:21 Pikeman
25:27 Elite Skirmisher
29:10 Gold Mining
30:15 Bodkin Arrow
34:00 Ballistics
36:42 Hand Cart
37:55 Leather Archer Armor
40:06 Heavy Plow
40:20 Bow Saw
andres.sojo2809
4:26 Loom
10:33 Feudal Age
22:41 Castle Age
20:33 Gold Mining
22:15 Wheelbarrow
22:29 Scale Barding Armor
22:35 Forging
23:17 Town Watch
23:36 Husbandry
23:33 Double-Bit Axe
24:49 Iron Casting
28:09 Chain Barding Armor
28:34 Bow Saw
34:48 Gold Shaft Mining
35:35 Fletching
36:49 Stone Mining
41:03 Imperial Age
39:37 Town Patrol
41:52 Cavalier
46:18 Plate Barding Armor
49:52 Blast Furnace
Cheriten
0:28 Loom
9:24 Feudal Age
17:28 Fletching
20:53 Padded Archer Armor
21:46 Double-Bit Axe
26:24 Castle Age
25:06 Gold Mining
24:58 Horse Collar
28:19 Wheelbarrow
29:22 Crossbowman
38:54 Hand Cart
39:07 Bow Saw
40:29 Thumb Ring
40:31 Heavy Plow
41:20 Town Watch
45:03 Eagle Warrior
45:44 Squires
45:47 Scale Mail Armor
45:58 Forging
Hellemperor
7:02 Loom
9:24 Feudal Age
10:14 Double-Bit Axe
16:58 Fletching
21:44 Wheelbarrow
25:39 Castle Age
23:41 Gold Mining
23:48 Horse Collar
25:45 Crossbowman
26:30 Bodkin Arrow
27:15 Bow Saw
27:53 Town Watch
29:25 Ballistics
29:13 Padded Archer Armor
37:58 Imperial Age
38:25 Town Patrol
38:40 Hand Cart
39:22 Arbalester
41:26 Chemistry
40:49 Bracer
41:04 Leather Archer Armor
43:04 Siege Engineers
43:15 Leather Archer Armor
45:12 Conscription
45:21 Yeomen
46:50 Gold Shaft Mining
48:00 Ring Archer Armor
DeadlyAgus
0:40 Loom
10:48 Feudal Age
13:08 Double-Bit Axe
14:49 Bloodlines
15:10 Scale Barding Armor
15:16 Forging
23:00 Castle Age
27:17 Husbandry
28:46 Chain Barding Armor
33:43 Iron Casting
37:56 Fletching
38:22 Bow Saw
38:06 Gold Mining
48:34 Imperial Age
48:58 Cavalier
50:15 Plate Barding Armor
NuMa | Gacha
7:18 Loom
10:18 Feudal Age
10:53 Double-Bit Axe
14:09 Fletching
14:47 Padded Archer Armor
21:26 Castle Age
20:04 Gold Mining
22:04 Bodkin Arrow
21:33 Crossbowman
24:17 Leather Archer Armor
26:02 Thumb Ring
28:47 Ballistics
29:46 Wheelbarrow
30:06 Town Watch
32:39 Hand Cart
33:31 Stone Mining
34:18 Town Patrol
35:19 Stone Shaft Mining
39:43 Imperial Age
39:47 Arbalester
43:32 Chemistry
44:51 Conscription
45:46 Bracer
48:00 Ring Archer Armor
NuMa | DraKKo
7:38 Loom
10:00 Feudal Age
10:35 Double-Bit Axe
18:15 Wheelbarrow
17:22 Horse Collar
18:02 Bloodlines
22:12 Castle Age
20:33 Scale Barding Armor
21:47 Gold Mining
23:45 Chain Barding Armor
24:31 Husbandry
40:14 Imperial Age
38:27 Hand Cart
38:14 Heavy Plow
38:25 Bow Saw
40:34 Gold Shaft Mining
39:50 Stone Mining
40:16 Cavalier
41:33 Plate Barding Armor
42:34 Corvinian Army
43:41 Paladin
47:59 Town Watch
49:15 Fletching
49:25 Padded Archer Armor
49:25 Scale Mail Armor
Connection lost

Rejoining the realm…

Still unreachable

The connection could not be restored.

Session expired

The server has moved on; the page needs a fresh start.